 Dungeon Crawl Stone Soup version 0.17-a0-1802-g9847487 (webtiles) character file.

371 Leibowitz the Poker (level 6, 0/48 HPs)
             Began as a Merfolk Gladiator on Sept 11, 2015.
             Was an Initiate of Okawaru.
             Slain by an ogre
             ... wielding a +0 giant club
              (20 damage)
             ... on level 4 of the Dungeon.
             The game lasted 00:12:37 (3388 turns).

Leibowitz the Poker (Merfolk Gladiator)             Turns: 3388, Time: 00:12:37

Health: 0/48       AC:  5    Str: 15    XL:     6   Next: 70%
Magic:  15/15      EV: 15    Int:  7    God:    Okawaru [......]
Gold:   139        SH:  0    Dex: 17    Spells: 0 memorised, 5 levels left

rFire  . . .     SeeInvis .     a - +0 trident
rCold  . . .     Clarity  .     b - +0 leather armour
rNeg   . . .     SustAt   .     (no shield)
rPois  .         Gourm    .     c - +0 helmet
rElec  .         Spirit   .     (no cloak)
rCorr  .         Warding  .     i - +0 pair of gloves
rMut   .         Stasis   .     (no boots)
MR     .....                    (no amulet)
Stlth  ++........               (no ring)
                                u - ring of magical power

@: not resistant to hostile enchantments, unstealthy
A: change form in water, swift swim
a: Renounce Religion


You were on level 4 of the Dungeon.
You worshipped Okawaru.
Okawaru was noncommittal.
You were not hungry.

You visited 2 branches of the dungeon, and saw 5 of its levels.

You collected 139 gold pieces.

Inventory:

Hand weapons
 a - a +0 trident (weapon)
Missiles
 q - 2 throwing nets (quivered)
Armour
 b - a +0 leather armour (worn)
 c - a +0 helmet (worn)
 i - a +0 pair of gloves (worn)
Jewellery
 u - a ring of magical power (left hand)
Scrolls
 f - 4 scrolls of fog {unknown}
 g - 2 scrolls of magic mapping {unknown}
 j - 5 scrolls of identify {unknown}
 k - a scroll of remove curse {unknown}
 m - a scroll of enchant weapon {unknown}
 p - 2 scrolls of noise {unknown}
 r - a scroll of teleportation {unknown}
 D - a scroll of enchant armour {unknown}
Potions
 d - a potion of haste
 h - 2 potions of magic {unknown}
 l - 3 potions of invisibility {unknown}
 n - a potion of agility {unknown}
 o - 3 potions of curing {unknown}
 v - 2 potions of degeneration {unknown}
 A - a potion of lignification {unknown}
 B - a potion of berserk rage {unknown}
 C - a potion of flight {unknown}
Books
 y - a book of Unlife

   Spells                             Type                      Level
   a - Recall                         Summoning/Translocation      3
   b - Animate Dead                   Necromancy                   4
   c - Control Undead                 Necromancy                   4
   d - Cigotuvi's Embrace             Necromancy                   5
   e - Death Channel                  Necromancy                   6
   f - Simulacrum                     Ice/Necromancy               6
Comestibles
 e - 5 bread rations
 s - a royal jelly
 t - a beef jerky
 w - 2 slices of pizza
 x - 4 fruits
 z - a meat ration


   Skills:
 + Level 3.9 Fighting
 + Level 6.4 Polearms
 + Level 2.1 Throwing
 + Level 1.6 Armour
 + Level 5.3 Dodging
 + Level 3.3 Stealth


You had 5 spell levels left.
You didn't know any spells.

Dungeon Overview and Level Annotations

Branches:
Dungeon (4/15)             Temple (1/1) D:4

Altars:
Cheibriados
Dithmenos
Elyvilon
Fedhas
Gozag
Kikubaaqudgha
Nemelex Xobeh
Okawaru
Trog
Vehumet
Zin
The Shining One

Shops:
D:4 (


Message History

Press: ? - help, Dir - move target cursor, f - ogre
Aim: an ogre, wielding a giant club (resting)
You reach to attack!
The helpless ogre fails to defend itself.
You hit the ogre.
The ogre is lightly wounded.
You hit the ogre.
The ogre is lightly wounded.
The ogre hits you with a giant club!!
Ouch! That really hurt!
You hit the ogre.
The ogre is moderately wounded.
The ogre closely misses you.
You puncture the ogre!
The ogre is heavily wounded.
The ogre barely misses you.
You closely miss the ogre.
The ogre is heavily wounded.
The ogre hits you with a giant club!!
You die...

#......§§..# # .#
#..........# # ..
#..........# #.
#......#÷.## #.
#......#.####### #.
#......#........
######.#####.........###
.......O# #.........#
###### #@## #.........#
#....# #..# #.........#
####.##.# #..###.........#
#####.<#.##.#
#...##.........#
.........##.#
#.#.##.........###
#####.#####.#
#.#..#...........+
............#
#.##.#.........###
#####.#######
#.##.#.........# ##
#.##########.##...........#


You could see an ogre.

Vanquished Creatures
  The ghost of lordfwahfnah the Skirmisher, an average DsCK of Xom (D:3)
  Ijyb (D:2)
  An iguana (D:4)
  Jessica (D:2)
  A worker ant (D:4)
  Robin (D:3)
  3 adders
  A shadow imp (D:4)
  An ooze (D:3)
  A worm (D:4)
  3 giant geckos
  5 orcs (D:3)
  9 bats
  2 giant cockroaches
  15 goblins
  8 hobgoblins
  10 kobolds
  A quokka (D:3)
  A ball python skeleton (D:4)
  3 giant newts
  A quokka skeleton (D:4)
  8 rats
78 creatures vanquished.

Notes
Turn   | Place    | Note
--------------------------------------------------------------
     0 | D:1      | Leibowitz the Merfolk Gladiator began the quest for the Orb.
     0 | D:1      | Reached XP level 1. HP: 16/16 MP: 1/1
   144 | D:1      | Reached XP level 2. HP: 14/23 MP: 2/2
   619 | D:2      | Reached skill level 5 in Polearms
   664 | D:2      | Noticed Ijyb
   678 | D:2      | Killed Ijyb
   678 | D:2      | Reached XP level 3. HP: 20/28 MP: 3/3
   809 | D:2      | Reached XP level 4. HP: 24/35 MP: 4/4
   861 | D:2      | Noticed Jessica
   871 | D:2      | Killed Jessica
   871 | D:2      | Reached skill level 1 in Stealth
   895 | D:2      | Found a blossoming altar of Fedhas.
   899 | D:2      | Found a radiant altar of Vehumet.
  1315 | D:3      | Noticed lordfwahfnah's ghost (average DsCK)
  1367 | D:3      | Killed lordfwahfnah's ghost
  1367 | D:3      | Reached skill level 6 in Polearms
  1367 | D:3      | Reached skill level 1 in Armour
  1367 | D:3      | Reached skill level 5 in Dodging
  1367 | D:3      | Reached XP level 5. HP: 24/42 MP: 5/5
  1367 | D:3      | Reached XP level 6. HP: 27/48 MP: 6/6
  1702 | D:3      | Noticed Robin
  1812 | D:3      | Killed Robin
  2216 | D:3      | Found an opulent altar of Gozag.
  2412 | D:3      | Found a glowing golden altar of the Shining One.
  2786 | D:4      | Found a staircase to the Ecumenical Temple.
  2805 | Temple   | Entered the Ecumenical Temple
  2859 | Temple   | Became a worshipper of Warmaster Okawaru
  3207 | D:4      | Found Fudwul's Antique Weapon Shop.
  3388 | D:4      | Slain by an ogre

Vault maps used:
D:1:      saegor_arrival_simple_f
D:2:      minitemple, kennysheep_generic_room_13, uniq_jessica, uniq_iyjb
D:3:      lemuel_coloured_pillars_altar, lemuel_doored_altar, first_bread,
          uniq_robin
D:4:      minmay_temple_entry_purple_smoke, serial_shops, shop,
          minmay_surrounded, uniq_natasha
Temple:   zaba_magenta_temple_8

Action                   |  1- 3 |  4- 6 || total
-------------------------+-------+-------++-------
Melee: Trident           |   102 |   189 ||   291
Throw: Throwing net      |     3 |     2 ||     5
 Stab: Held in net/web   |     3 |       ||     3
       Sleeping          |     1 |     7 ||     8
  Eat: Chunk             |       |     8 ||     8
